 Dungeon Crawl Stone Soup version 0.20.0-10-g0535bb4 (webtiles) character file.

1511 JeffiDaFish the Cudgeler (level 8, -6/49 HPs)
             Began as a Gargoyle Fighter on June 2, 2017.
             Was a Priest of Okawaru.
             Mangled by Sigmund
             ... wielding a +5 scythe
              (10 damage)
             ... on level 6 of the Dungeon on June 3, 2017.
             The game lasted 00:13:18 (5103 turns).

JeffiDaFish the Cudgeler (Gargoyle Fighter)         Turns: 5103, Time: 00:13:18

Health: -6/49      AC: 17    Str: 22    XL:     8   Next: 83%
Magic:  8/8        EV:  7    Int:  9    God:    Okawaru [***...]
Gold:   356        SH: 10    Dex: 11    Spells: 7/7 levels left

rFire    . . .     SeeInvis .   a - +0 flail
rCold    . . .     Gourm    .   c - +0 shield
rNeg     + . .     Faith    .   o - +0 chain mail
rPois    ∞         Spirit   .   (no helmet)
rElec    +         Reflect  .   (no cloak)
rCorr    .         Harm     .   q - +0 pair of gloves
MR       ++...                  m - +0 pair of boots
Stlth    ..........             (no amulet)
Regen    0.2/turn               b - ring of protection from magic
MPRegen  0.2/turn               (no ring)

@: no status effects
A: magic resistance 1, negative energy resistance 1, electricity resistance,
strong 1, unbreathing, evolution 1, petrification resistance, rot immunity, AC
+5
a: Heroism, Renounce Religion


You were on level 6 of the Dungeon.
You worshipped Okawaru.
Okawaru was most pleased with you.
You were not hungry.

You visited 2 branches of the dungeon, and saw 7 of its levels.

You collected 356 gold pieces.

Inventory:

Hand Weapons
 a - a +0 flail (weapon)
Armour
 c - a +0 shield (worn)
 m - a +0 pair of boots (worn)
 o - a +0 chain mail (worn)
 q - a +0 pair of gloves (worn)
Jewellery
 b - a ring of protection from magic (left hand)
Scrolls
 d - a scroll of magic mapping
 i - a scroll of fog
 j - 2 scrolls of teleportation
 n - 2 scrolls of remove curse
 t - 3 scrolls of identify
Potions
 e - a potion of flight
 s - a potion of brilliance
Books
 r - a book of Cantrips

   Spells                             Type                      Level
   a - Confusing Touch                Hexes                        1
   b - Animate Skeleton               Necromancy                   1
   c - Summon Small Mammal            Summoning                    1
   d - Apportation                    Translocation                1
Comestibles
 f - 6 bread rations
 g - 3 chunks of flesh
 h - 4 meat rations
 k - 6 fruits
 l - 2 royal jellies


   Skills:
 + Level 5.2 Fighting
 + Level 7.1 Maces & Flails
 + Level 6.0 Armour
 + Level 2.3 Dodging
 - Level 0.8 Stealth
 + Level 6.0 Shields


You had 7 spell levels left.
You didn't know any spells.

Dungeon Overview and Level Annotations

Branches:
Dungeon (6/15)             Temple (1/1) D:5

Altars:
Ashenzari
Dithmenos
Elyvilon
Fedhas
Gozag
Hepliaklqana
Kikubaaqudgha
Makhleb
Nemelex Xobeh
Okawaru
Ru
Sif Muna
Trog
Uskayaw
Vehumet
Xom
Yredelemnul
Zin
The Shining One

Annotations:
D:6 Sigmund


Innate Abilities, Weirdness & Mutations

You are resistant to torment.
Your stone body is resilient. (AC +5)
You are immune to poison.
You resist negative energy. (rN+)
You are resistant to electric shocks. (rElec)
You can survive without breathing.
You are immune to petrification.
You are immune to rotting.
You are resistant to hostile enchantments. (MR+)
Your muscles are strong. (Str +2)
You evolve.


Message History

Something hits you!
You see here a leopard gecko corpse.
You closely miss something. Something hits you but does no damage.
Your shield and chain mail prevent you from hitting something.
You hear some strange, mumbled words.
A magic dart appears from out of thin air!
The magic dart hits you!
You hit something. Something hits you!
* * * LOW HITPOINT WARNING * * *
You hit something.
You hear some strange, mumbled words.
Something tries to affect you, but you resist.
You hit something. Something hits you but does no damage.
Your shield and chain mail prevent you from hitting something.
Something hits you but does no damage.
You closely miss something. You completely miss something. Something hits you!
* * * LOW HITPOINT WARNING * * *
You hit something. Something hits you!
You die...

.# ... .. ## .# #
.# # ###(##l### ##
#.>.Y.......#####.
#.#...............
#{####.####...###.
#@# # #....... #.#
#.#.#### #.# #.#.#
# #.#
#.####.#.#### #.#
#............ #.#
######.#.####
#.#########.#.#
#...........#.#
#############..


There were no monsters in sight!

Vanquished Creatures
  Grinder (D:4)
  The ghost of healthycheekums the Slasher, an amateur MiBe of Trog (D:4)
  Menkaure (D:4)
  An ice beast (D:6)
  An ogre (D:5)
  The ghost of tcjsavannah the Chopper, an amateur HuAK of Lugonu (D:3)
  A bullfrog (D:4)
  A scorpion (D:4)
  A howler monkey (D:5)
  2 crimson imps (D:5)
  3 hounds
  2 iguanas (D:4)
  3 orc priests
  2 worker ants
  3 orc wizards
  A hound skeleton (D:5)
  9 adders
  A shadow imp (D:5)
  2 adder skeletons
  7 worms
  A dart slug (D:1)
  3 leopard geckos
  16 orcs
  4 ball pythons
  2 giant cockroaches
  13 hobgoblins
  6 jackals
  A quokka (D:3)
  8 bats
  7 frilled lizards
  4 goblins
  5 kobolds
  17 rats
131 creatures vanquished.

Notes
Turn   | Place    | Note
-------+----------+-------------------------------------------
     0 | D:1      | JeffiDaFish the Gargoyle Fighter began the quest for the Orb.
     0 | D:1      | Reached XP level 1. HP: 14/14 MP: 1/1
    35 | D:1      | Reached XP level 2. HP: 18/19 MP: 2/2
   485 | D:1      | Reached XP level 3. HP: 20/23 MP: 3/3
  1213 | D:2      | Found a bloodstained altar of Trog.
  1214 | D:2      | Found a shattered altar of Ashenzari.
  1215 | D:2      | Found a hazy altar of Hepliaklqana.
  1215 | D:2      | Found a sparkling altar of Nemelex Xobeh.
  1215 | D:2      | Found a burning altar of Makhleb.
  1216 | D:2      | Found a blossoming altar of Fedhas.
  1328 | D:2      | Reached XP level 4. HP: 28/28 MP: 4/4
  1349 | D:2      | Reached skill level 1 in Dodging
  1514 | D:2      | Reached skill level 3 in Maces & Flails
  1749 | D:2      | Gained mutation: Your muscles are strong. (Str +2) [potion of mutation]
  1749 | D:2      | Gained mutation: You are resistant to hostile enchantments. (MR+) [potion of mutation]
  1749 | D:2      | Gained mutation: You evolve. [potion of mutation]
  1793 | D:3      | Found an iron altar of Okawaru.
  1810 | D:3      | Became a worshipper of Warmaster Okawaru
  1857 | D:3      | Reached XP level 5. HP: 30/32 MP: 5/5
  2148 | D:3      | Noticed tcjsavannah's ghost (amateur HuAK)
  2157 | D:3      | Killed tcjsavannah's ghost
  2157 | D:3      | Reached skill level 4 in Maces & Flails
  2157 | D:3      | Reached XP level 6. HP: 28/38 MP: 6/6
  2338 | D:3      | Reached * piety under Okawaru
  2473 | D:3      | Found a white marble altar of Elyvilon.
  2756 | D:4      | Reached XP level 7. HP: 35/43 MP: 7/7
  2804 | D:4      | Reached skill level 5 in Maces & Flails
  3434 | D:4      | Noticed healthycheekums's ghost (amateur MiBe)
  3436 | D:4      | Noticed Grinder
  3447 | D:4      | Killed healthycheekums's ghost
  3447 | D:4      | Reached skill level 5 in Armour
  3462 | D:4      | Killed Grinder
  3462 | D:4      | Reached ** piety under Okawaru
  3462 | D:4      | Reached skill level 6 in Maces & Flails
  3462 | D:4      | Reached skill level 5 in Shields
  3462 | D:4      | Reached XP level 8. HP: 44/48 MP: 8/8
  3524 | D:4      | Noticed Menkaure
  3529 | D:4      | Killed Menkaure
  3980 | D:5      | Entered Level 5 of the Dungeon
  3981 | D:5      | Upgraded the game from 0.20.0-8-g6b59dc7 to 0.20.0-10-g0535bb4
  4039 | D:5      | Found a radiant altar of Vehumet.
  4101 | D:5      | Reached skill level 5 in Fighting
  4430 | D:5      | Found a staircase to the Ecumenical Temple.
  4469 | Temple   | Entered the Ecumenical Temple
  4761 | D:5      | Got a bloodstained spear
  4762 | D:5      | Identified the +4 spear of Big Damage {chaos, rC++} (You found it on level 5 of the Dungeon)
  5068 | D:6      | Noticed Sigmund
  5080 | D:6      | Reached *** piety under Okawaru
  5080 | D:6      | Reached skill level 7 in Maces & Flails
  5103 | D:6      | Mangled by Sigmund

Skill      XL: |  1  2  3  4  5  6  7  8 |
---------------+-------------------------+-----
Armour         | 4 5 6 |  6.0
Dodging        | 1 2 |  2.3
Maces & Flails | 3 4 6 7 |  7.1
Shields        | 4 5 6 |  6.0
Fighting       | 4 5 |  5.2
Stealth        | |  0.8

Action                   |  1- 3 |  4- 6 |  7- 9 || total
-------------------------+-------+-------+-------++-------
Melee: Flail             |   174 |   164 |   279 ||   617
       Spear             |       |       |     3 ||     3
  Use: Scroll            |     5 |     1 |     5 ||    11
       Potion            |     1 |     5 |     4 ||    10
  Eat: Chunk             |     2 |     5 |     8 ||    15
Armor: Scale mail        |   102 |    73 |    51 ||   226
       Chain mail        |       |       |    59 ||    59
Dodge: Dodged            |    46 |    51 |    66 ||   163
Block: Shield            |    77 |    70 |   120 ||   267
